 Dungeon Sprint DCSS version 0.27.1 (webtiles) character file.

Game seed: 5933851056450403831

6285 styxcanada the Imperceptible (level 10, -4/55 HPs)
             Began as a Spriggan Brigand on Aug 29, 2021.
             Was an Initiate of Gozag.
             Slain by Agnes (19 damage)
             ... in the Dungeon (Sprint IV: "Fedhas' Mad Dash").
             The game lasted 00:13:05 (1702 turns).

styxcanada the Imperceptible (Spriggan Brigand)     Turns: 1702, Time: 00:13:06

Health: -4/55      AC:  6    Str:  7    XL:     10   Next: 63%
Magic:  11/11      EV: 27    Int: 13    God:    Gozag
Gold:   117        SH:  9    Dex: 26    Spells: 9/9 levels left

rFire    . . .     SeeInvis +   a - +3 dagger
rCold    . . .     Faith    .   d - +0 buckler
rNeg     . . .     Spirit   .   r - +1 troll leather armour
rPois    .         Reflect  .   (helmet restricted)
rElec    .         Harm     .   c - +0 cloak
rCorr    .         Rampage  .   (gloves unavailable)
Will     +....     NoTele   +   (boots unavailable)
Stlth    +++++++++.             l - amulet of invisibility {+Inv}
HPRegen  1.18/turn              b - +6 ring of dexterity
MPRegen  0.12/turn              (no ring)

@: on berserk cooldown, very slightly contaminated, slowed, quick
A: very small, no large weapons, unfitting armour, see invisible, speed 3
a: Renounce Religion, Evoke Invisibility, Potion Petition, Call Merchant, Bribe
Branch


You were in the Dungeon.
You worshipped Gozag.
Gozag was aware of your devotion.
You visited 1 branch You collected 2502 gold pieces.
You spent 2385 gold pieces at shops.

Inventory:

Hand Weapons
 a - a +3 dagger (weapon)
 o - a +3 long sword of holy wrath
Missiles
 n - 5 poisoned darts (quivered)
Armour
 c - a +0 cloak (worn)
 d - a +0 buckler (worn)
 r - a +1 troll leather armour (worn)
 x - a +2 robe of willpower
Jewellery
 b - a +6 ring of dexterity (left hand)
 l - the amulet of invisibility (around neck) {+Inv}
   (You found it in the Dungeon)

   [amulet of nothing]

   +Inv:      It lets you turn invisible.
 s - an amulet of reflection
 t - a ring of poison resistance
Scrolls
 k - a scroll of blinking
 p - 2 scrolls of summoning
 q - a scroll of vulnerability
 u - 2 scrolls of identify
 v - 2 scrolls of immolation
 w - a scroll of acquirement
Potions
 f - a potion of curing
 h - a potion of haste
 i - 2 potions of magic
 m - a potion of resistance


   Skills:
 * Level 7.0 Fighting
 + Level 5.9 Short Blades
 + Level 6.2 Throwing
 * Level 3.9 Armour
 * Level 10.8 Dodging
 * Level 23.8 Stealth
 * Level 5.2 Shields
 * Level 12.5 Evocations


You had 9 spell levels left.
You didn't know any spells.
Your spell library contained the following spells:

 Spells                   Type           Power      Damage    Failure   Level
 Animate Dead             Necr           0%         N/A       99%         4
 Haunt                    Necr/Summ      0%         N/A       100%        7
 Infestation              Necr           0%         N/A       100%        8


Dungeon Overview and Level Annotations

Branches:
Dungeon (1/1)

Altars:
Cheibriados
Dithmenos
Elyvilon
Gozag
Hepliaklqana
Kikubaaqudgha
Makhleb
Nemelex Xobeh
Okawaru
Qazlal
Ru
Sif Muna
Trog
Uskayaw
Vehumet
Wu Jian
Xom
Yredelemnul
Zin
The Shining One
Beogh
Jiyva
Lugonu

Shops:
D ?[=([[*?

Annotations:
D Agnes


Innate Abilities, Weirdness & Mutations

You are very small and have problems with some larger weapons.
You are too small for most types of armour.
You have supernaturally acute eyesight. (SInv)
You cover ground extremely quickly. (Speed+++)


Message History

Press: ? - help, Q - select action, (/) - cycle Shift-Dir - straight line, f/p - Agnes
Aim: Agnes, wielding a +2 lajatang of distortion and wearing a +0 robe (severely wounded, very poisoned, slow, 44% to hit)
You throw a curare-tipped dart. The curare-tipped dart hits Agnes.
Agnes looks as sick as possible!
Agnes convulses.
Agnes seems to be slow for longer.
Agnes is almost dead.
You flicker back into view.
Agnes closely misses you.
You feel much better.
Agnes says, "You will find the Path of Peace easy to follow, in death."
Agnes hits you with a +2 lajatang of distortion!
Space bends around you.
Agnes hits you with a +2 lajatang of distortion!
* * * LOW HITPOINT WARNING * * *
Throw: 7 darts (poison)
Press: ? - help, Q - select action, (/) - cycle Shift-Dir - straight line, f/p - Agnes
Aim: Agnes, wielding a +2 lajatang of distortion and wearing a +0 robe (almost dead, very poisoned, slow, 44% to hit)
You throw a poisoned dart. The poisoned dart hits Agnes.
Agnes looks as sick as possible!
Agnes is almost dead.
Agnes completely misses you. Agnes misses you.
Agnes says, "I despise a dishonourable opponent."
There is an open door here.
Agnes barely misses you.
There is an open door here.
Agnes is no longer moving slowly.
Agnes says, "The ORB is mine by right."
Agnes hits you with a +2 lajatang of distortion!
Space bends around you.
* * * LOW HITPOINT WARNING * * *
Throw: 6 darts (poison)
Press: ? - help, Q - select action, (/) - cycle Shift-Dir - straight line, f/p - Agnes
Aim: Agnes, wielding a +2 lajatang of distortion and wearing a +0 robe (almost dead, very poisoned, 44% to hit)
You throw a poisoned dart. The poisoned dart hits Agnes.
Agnes looks as sick as possible!
Agnes is almost dead.
Agnes hits you with a +2 lajatang of distortion!!
You die...
Your body crumbles into a pile of gold.

###########################
#<)..#.....#.....#.⌠._._._.
#P...'.....'.#.[.'.._._._._
#PPPP#.....#.#...#..._._._.
###############'##.._._._._
#...♣.....@..'...#._._._._.
#......♣.i...#...##########
#.....♣..♣..######♣♣♣♣♣..♣[
##'####'######..'(..(..♣.i♣
#..#....'...(...#♣..♣♣♣.♣).
#..#..###.......#.♣♣..♣...♣
####### ###################
###


You could see Agnes (extremely poisoned).

Vanquished Creatures
  A spriggan berserker (D)
  A spriggan druid (D)
  6 oklob plants (D)
  A demonic crawler (D)
  A queen bee (D)
  3 wandering mushrooms (D)
  A hornet (D)
  3 burning bushes (D)
  3 scorpions (D)
  4 killer bees (D)
  5 oklob saplings (D)
  5 spriggans (D)
  A river rat (D)
  A rat (D)
  A ballistomycete spore (D)
37 creatures vanquished.

Vanquished Creatures (others)
  2 fungi (D)
2 creatures vanquished.

Grand Total: 39 creatures vanquished

Notes
Turn   | Place    | Note
-------+----------+-------------------------------------------
     0 | D        | styxcanada the Spriggan Brigand began the quest for the
                  | Orb.
     0 | D        | Reached XP level 1. HP: 10/10 MP: 2/2
    20 | D        | Reached skill level 7 in Stealth
    20 | D        | Reached XP level 2. HP: 6/15 MP: 3/3
    21 | D        | Reached skill level 8 in Stealth
   192 | D        | Noticed an oklob sapling
   194 | D        | Killed an oklob sapling
   195 | D        | Reached skill level 10 in Stealth
   195 | D        | Reached XP level 3. HP: 18/18 MP: 4/4
   196 | D        | Noticed a scorpion
   196 | D        | Found the amulet of invisibility {+Inv}
   198 | D        | Killed a scorpion
   199 | D        | Reached skill level 12 in Stealth
   199 | D        | Reached XP level 4. HP: 23/23 MP: 5/5
   223 | D        | Found an opulent altar of Gozag.
   223 | D        | Found a hazy altar of Hepliaklqana.
   223 | D        | Found a burning altar of Makhleb.
   223 | D        | Found a sparkling altar of Nemelex Xobeh.
   223 | D        | Found a snail-covered altar of Cheibriados.
   223 | D        | Found a sacrificial altar of Ru.
   223 | D        | Found a shimmering blue altar of Sif Muna.
   223 | D        | Found a shimmering altar of Xom.
   223 | D        | Found a basalt altar of Yredelemnul.
   224 | D        | Found a viscous altar of Jiyva.
   224 | D        | Found a bloodstained altar of Trog.
   224 | D        | Found an ornate altar of the Wu Jian Council.
   225 | D        | Found an iron altar of Okawaru.
   225 | D        | Found a shadowy altar of Dithmenos.
   225 | D        | Found a glowing silver altar of Zin.
   226 | D        | Found an ancient bone altar of Kikubaaqudgha.
   226 | D        | Found a hide-covered altar of Uskayaw.
   227 | D        | Found a stormy altar of Qazlal.
   227 | D        | Found a white marble altar of Elyvilon.
   227 | D        | Found a glowing golden altar of the Shining One.
   228 | D        | Became a worshipper of Gozag Ym Sagoz the Greedy
   229 | D        | Found a corrupted altar of Lugonu.
   229 | D        | Found a radiant altar of Vehumet.
   233 | D        | Reached skill level 13 in Stealth
   233 | D        | Reached XP level 5. HP: 28/28 MP: 3/6
   245 | D        | Reached skill level 14 in Stealth
   284 | D        | Reached skill level 5 in Dodging
   285 | D        | Reached skill level 15 in Stealth
   328 | D        | Reached XP level 6. HP: 11/32 MP: 7/7
   385 | D        | Found Odytuc's Armour Shop.
   385 | D        | Found Yxuis's Magic Scroll Emporium.
   391 | D        | Bought a scroll of identify for 20 gold pieces
   391 | D        | Bought a scroll of identify for 20 gold pieces
   391 | D        | Bought a scroll of summoning for 95 gold pieces
   657 | D        | Noticed a burning bush
   657 | D        | Noticed a wandering mushroom
   658 | D        | Noticed a wandering mushroom
   661 | D        | Killed a burning bush
   662 | D        | Reached skill level 16 in Stealth
   662 | D        | Reached skill level 1 in Shields
   662 | D        | Reached skill level 5 in Evocations
   662 | D        | Killed a wandering mushroom
   663 | D        | Reached skill level 5 in Throwing
   663 | D        | Reached skill level 17 in Stealth
   663 | D        | Reached XP level 7. HP: 38/38 MP: 5/8
   663 | D        | Killed a wandering mushroom
   664 | D        | Reached skill level 18 in Stealth
   696 | D        | Found Nazasm's Armour Emporium.
   697 | D        | Found Diriot's Armour Shoppe.
   702 | D        | Bought a +1 troll leather armour for 264 gold pieces
   819 | D        | Noticed a queen bee
   826 | D        | Killed a queen bee
   827 | D        | Reached skill level 19 in Stealth
   827 | D        | Reached XP level 8. HP: 42/42 MP: 7/9
   828 | D        | Reached skill level 5 in Fighting
   887 | D        | Bought a scroll of acquirement for 520 gold pieces
   889 | D        | Acquired a +6 ring of dexterity
   928 | D        | Noticed an oklob plant
   931 | D        | Killed an oklob plant
   932 | D        | Reached skill level 1 in Armour
   932 | D        | Reached skill level 20 in Stealth
   946 | D        | Noticed a burning bush
   949 | D        | Killed a burning bush
  1009 | D        | Noticed a burning bush
  1009 | D        | Noticed an oklob plant
  1011 | D        | Noticed a wandering mushroom
  1012 | D        | Killed a burning bush
  1013 | D        | Reached XP level 9. HP: 47/47 MP: 7/10
  1017 | D        | Killed an oklob plant
  1018 | D        | Reached skill level 21 in Stealth
  1021 | D        | Killed a wandering mushroom
  1022 | D        | Reached skill level 5 in Short Blades
  1022 | D        | Reached skill level 10 in Evocations
  1069 | D        | Bought a scroll of acquirement for 520 gold pieces
  1118 | D        | Noticed a spriggan druid
  1120 | D        | Killed a spriggan druid
  1192 | D        | Noticed an oklob plant conjurer
  1193 | D        | Killed an oklob plant conjurer
  1219 | D        | Acquired 258 gold pieces
  1358 | D        | Noticed an oklob plant
  1358 | D        | Noticed an oklob plant summoner
  1359 | D        | Noticed an oklob plant shifter
  1363 | D        | Killed an oklob plant
  1364 | D        | Reached skill level 10 in Dodging
  1364 | D        | Reached skill level 22 in Stealth
  1364 | D        | Reached XP level 10. HP: 53/53 MP: 8/11
  1365 | D        | Killed an oklob plant summoner
  1369 | D        | Killed an oklob plant shifter
  1436 | D        | Noticed a spriggan rider
  1437 | D        | Found Bonija Sola's Assorted Antiques.
  1441 | D        | Found Efutioh's Magic Scroll Shoppe.
  1444 | D        | Reached skill level 23 in Stealth
  1445 | D        | Killed a spriggan rider
  1446 | D        | Reached skill level 5 in Shields
  1449 | D        | Bought a notched brass ring for 90 gold pieces
  1449 | D        | Bought a scroll of identify for 36 gold pieces
  1449 | D        | Bought a scroll labelled ZUFEIZ GUITIGG for 18 gold pieces
  1449 | D        | Bought a scroll labelled ZUFEIZ GUITIGG for 18 gold pieces
  1451 | D        | Bought a scroll of acquirement for 728 gold pieces
  1451 | D        | Bought a scroll of identify for 28 gold pieces
  1451 | D        | Bought a scroll of identify for 28 gold pieces
  1641 | D        | Noticed Agnes
  1643 | D        | Found Xick's Jewellery Emporium.
  1643 | D        | Noticed a spriggan berserker
  1645 | D        | Found Tail's Antique Weapon Shoppe.
  1649 | D        | Killed a spriggan berserker
  1702 | D        | Slain by Agnes

Illustrated notes

Levels and vault maps discovered:
D:        dungeon_sprint_fedhas [sprint_temple]

Skill      XL: |  1  2  3  4  5  6  7  8  9 10 |
---------------+-------------------------------+-----
Dodging        | 2 3 4 5 7 9 10 | 10.8
Stealth        | 7 10 12 13 15 17 19 20 22 23 | 23.8
Fighting       | 2 3 4 5 6 7 |  7.0
Throwing       | 3 5 6 |  6.2
Evocations     | 2 3 6 7 9 11 12 | 12.5
Short Blades   | 3 4 5 |  5.9
Shields        | 2 3 4 5 |  5.2
Armour         | 1 3 |  3.9

Action                   |  1- 3 |  4- 6 |  7- 9 | 10-12 || total
-------------------------+-------+-------+-------+-------++-------
Melee: Dagger            |    11 |     7 |    30 |    17 ||    65
Throw: Dart              |     7 |     8 |     1 |     4 ||    20
 Abil: Evoke Invisibilit |       |     3 |     6 |     2 ||    11
  Use: Scroll            |       |       |     5 |     2 ||     7
       Potion            |       |       |       |     2 ||     2
 Stab: Sleeping          |     2 |     6 |    17 |     6 ||    31
       Invisible         |       |       |     1 |     1 ||     2
       Distracted        |       |       |       |     1 ||     1
Armor: Robe              |     1 |       |       |       ||     1
Dodge: Dodged            |     3 |     4 |     6 |    10 ||    23
Block: Buckler           |       |       |     1 |     5 ||     6
